 Dungeon Crawl Stone Soup version 0.22.1-2-g9c5b331 (webtiles) character file.

289 JustSomeDude the Sneak (level 6, -1/32 HPs)
             Began as a Vine Stalker Assassin on Dec 29, 2018.
             Slain by an orc
             ... wielding a +0 rapier
              (4 damage)
             ... on level 5 of the Dungeon.
             The game lasted 00:17:22 (3105 turns).

JustSomeDude the Sneak (Vine Stalker Assassin)      Turns: 3105, Time: 00:17:23

Health: -1/32      AC:  6    Str: 14    XL:     6   Next: 31%
Magic:  0/7        EV: 12    Int: 11    God:
Gold:   113        SH:  0    Dex: 17    Spells: 5/5 levels left

rFire    . . .     SeeInvis .   w - +2 dagger (venom)
rCold    . . .     Gourm    .   (no shield)
rNeg     . . .     Faith    .   y - +0 leather armour (curse)
rPois    .         Spirit   +   E - +0 helmet
rElec    .         Reflect  .   d - +0 cloak
rCorr    .         Harm     .   (no gloves)
MR       .....                  j - +0 pair of boots
Stlth    +++++.....             (no amulet)
HPRegen  0.50/turn              r - ring of stealth
MPRegen  0.10/turn              (no ring)

@: hasted, very quick
A: fangs 2, regeneration 1, magic shield, antimagic bite, no potion heal 3, rot
immunity
a: no special abilities


You were on level 5 of the Dungeon.
You were not hungry.

You visited 1 branch of the dungeon, and saw 5 of its levels.

You collected 113 gold pieces.

Inventory:

Hand Weapons
 b - a +0 blowgun
 w - a +2 dagger of venom (weapon)
Missiles
 e - 14 poisoned needles
 f - 2 curare-tipped needles
 t - 65 stones (quivered)
Armour
 c - a +0 robe
 d - a +0 cloak (worn)
 j - a +0 pair of boots (worn)
 q - a +0 leather armour
 y - a cursed +0 leather armour (worn)
 C - a cursed +0 ring mail
 E - a +0 helmet (worn)
Jewellery
 r - a ring of stealth (left hand)
 D - an uncursed amulet of faith
Wands
 k - a wand of acid (8)
Scrolls
 i - 3 scrolls of identify
 l - 2 scrolls of noise
 n - a scroll of fear {unknown}
 p - a scroll of amnesia {unknown}
 s - a scroll of remove curse {unknown}
 u - a scroll of blinking {unknown}
 v - a scroll of fog {unknown}
 A - a scroll of magic mapping {unknown}
Potions
 h - a potion of agility {unknown}
 m - a potion of curing
 o - a potion of flight
 z - a potion of heal wounds {unknown}
 B - 2 potions of might {unknown}
 F - 2 potions of berserk rage {unknown}
Comestibles
 a - 7 chunks of flesh
 g - 7 rations


   Skills:
 + Level 2.6 Fighting
 + Level 2.5 Short Blades
 + Level 1.8 Throwing
 + Level 0.4 Armour
 + Level 2.0 Dodging
 + Level 7.7 Stealth


You had 5 spell levels left.
You didn't know any spells.
Your spell library was empty.

Dungeon Overview and Level Annotations

Branches:
Dungeon (5/15)
 Temple: D:4-7

Altars:
Kikubaaqudgha
Makhleb
Okawaru
Trog
The Shining One

Shops:
D:4 :

Annotations:
D:4 Pikel


Innate Abilities, Weirdness & Mutations

You have extremely sharp teeth.
Your natural rate of healing is unusually fast.
When hurt, damage is shared between your health and your magic reserves.
Your bite disrupts and absorbs the magic of your enemies.
Potions cannot restore your health.
You are immune to rotting.


Message History

You kill the orc priest!
The orc hits you with a rapier.
* * * LOW HITPOINT WARNING * * *
The orc barely misses you.
It was a potion of haste.
You feel yourself speed up. The orc hits you with a mace.
* * * LOW HITPOINT WARNING * * *
The orc hits you but does no damage. The orc misses you.
You hit the orc but do no damage.
The orc is poisoned.
Your bite misses the orc. The orc misses you.
You barely miss the orc. Your bite misses the orc. The orc closely misses you.
The orc misses you.
You barely miss the orc. You bite the orc, but do no damage.
The orc barely misses you.
You hit the orc.
The orc is poisoned.
You bite the orc, but do no damage.
The orc is lightly wounded.
The orc hits you with a whip.
* * * LOW HITPOINT WARNING * * *
The orc hits you with a rapier.
You die...

## ##### ..## #....
######..######## #....
#..............# #....
##..............####....
...............)........
#..............###.....
#....ooo.......###+####
#....)@#.#####.........
#(.....#..####.........
#########....#.........
#....#.........
#....#.........
#....#.........
#....##........
###.#......####
#........#


You could see 3 orcs.

Vanquished Creatures
  A centaur zombie (D:5)
  An orc priest (D:5)
  A hound skeleton (D:4)
  A worker ant zombie (D:5)
  5 adders
  3 gnolls (D:5)
  2 oozes
  2 dart slugs
  3 worms (D:2)
  5 leopard geckos
  7 orcs
  7 bats
  A giant cockroach (D:2)
  11 goblins
  10 hobgoblins
  9 jackals
  10 kobolds
  2 quokkas
  4 ball pythons
  6 frilled lizards
  9 rats
100 creatures vanquished.

Vanquished Creatures (others)
  A human (D:2)
1 creature vanquished.

Grand Total: 101 creatures vanquished

Notes
Turn   | Place    | Note
-------+----------+-------------------------------------------
     0 | D:1      | JustSomeDude the Vine Stalker Assassin began the quest for
                  | the Orb.
     0 | D:1      | Reached XP level 1. HP: 11/11 MP: 2/2
    52 | D:1      | Reached skill level 5 in Stealth
    63 | D:1      | Reached XP level 2. HP: 5/15 MP: 3/3
   516 | D:1      | Reached XP level 3. HP: 18/18 MP: 4/4
   642 | D:1      | Reached skill level 6 in Stealth
  1114 | D:2      | Found a burning altar of Makhleb.
  1114 | D:2      | Noticed a balrug
  1122 | D:2      | Noticed a ynoxinul
  1122 | D:2      | Noticed a ynoxinul
  1283 | D:2      | Gained mutation: Your natural rate of healing is unusually
                  | fast. [Vine Stalker growth]
  1283 | D:2      | Reached XP level 4. HP: 13/23 MP: 3/5
  1312 | D:2      | Found an iron altar of Okawaru.
  1447 | D:2      | Found an ancient bone altar of Kikubaaqudgha.
  1450 | D:2      | Reached skill level 1 in Dodging
  1464 | D:2      | Noticed a human
  1466 | D:2      | Killed a human
  1663 | D:2      | Found a bloodstained altar of Trog.
  2008 | D:3      | Reached skill level 7 in Stealth
  2161 | D:3      | Reached XP level 5. HP: 23/26 MP: 6/6
  2282 | D:3      | Found an ancient bone altar of Kikubaaqudgha.
  2570 | D:4      | Found Nulleqai's Book Emporium.
  2635 | D:4      | Noticed a slave
  2644 | D:4      | Found a glowing golden altar of the Shining One.
  2765 | D:4      | Noticed a slave
  2767 | D:4      | Noticed Pikel
  2773 | D:5      | Entered Level 5 of the Dungeon
  2948 | D:5      | Reached XP level 6. HP: 31/31 MP: 7/7
  3105 | D:5      | Slain by an orc

Skill      XL: |  1  2  3  4  5 |
---------------+----------------+-----
Stealth        | 5 6 7 |  7.7
Fighting       | 2 |  2.6
Short Blades   | 2 |  2.5
Dodging        | 1 2 |  2.0
Throwing       | |  1.8
Armour         | |  0.4

Action                   |  1- 3 |  4- 6 || total
-------------------------+-------+-------++-------
Melee: Dagger            |    98 |   143 ||   241
       Bite              |    25 |    47 ||    72
Throw: Stone             |       |     3 ||     3
  Use: Scroll            |     1 |     2 ||     3
       Potion            |       |     1 ||     1
 Stab: Sleeping          |     9 |    16 ||    25
       Distracted        |       |     2 ||     2
  Eat: Chunk             |     1 |     6 ||     7
Armor: Robe              |    21 |    14 ||    35
       Leather armour    |       |    12 ||    12
Dodge: Dodged            |    44 |    80 ||   124
